 Dungeon Crawl Stone Soup version 0.29-a0-2-g12fcac58f8 (webtiles) character file.

Game seed: 2758322945198354723

91 Strat the Shield-Bearer (level 4, -3/28 HPs)
             Began as a Gargoyle Fighter on Jan 26, 2022.
             Slain by an orc wizard (4 damage)
             ... on level 3 of the Dungeon.
             The game lasted 00:03:43 (2411 turns).

Strat the Shield-Bearer (Gargoyle Fighter)          Turns: 2411, Time: 00:03:44

Health: -3/28      AC: 13    Str: 22    XL:     4   Next: 57%
Magic:  4/4        EV:  7    Int:  8    God:
Gold:   100        SH:  4    Dex:  9    Spells: 3/3 levels left

rFire   . . .      SeeInvis .   a - +0 flail
rCold   . . .      Faith    .   c - +0 buckler
rNeg    + . .      Spirit   .   v - +0 chain mail {rPois}
rPois   ∞          Reflect  .   t - +0 helmet
rElec   +          Harm     .   (no cloak)
rCorr   .          Rampage  .   (no gloves)
Will    .....                   (no boots)
Stlth   ..........              (no amulet)
HPRegen 0.09/turn               (no ring)
MPRegen 0.09/turn               (no ring)

@: no status effects
A: sickness immunity, AC +3, negative energy resistance 1, electricity
resistance, torment resistance 1, petrification resistance
a: no special abilities


You were on level 3 of the Dungeon.
You visited 1 branch of the dungeon, and saw 3 of its levels.

You collected 100 gold pieces.

Inventory:

Hand Weapons
 a - a +0 flail (weapon)
 b - a +0 hunting sling
Missiles
 f - 3 poisoned darts (quivered)
 q - 56 stones
Armour
 c - a +0 buckler (worn)
 s - a +0 scale mail
 t - a +0 helmet (worn)
 v - a +0 chain mail of poison resistance (worn)
Jewellery
 e - an amulet of guardian spirit
 h - an amulet of faith
Wands
 u - a wand of digging (3)
Scrolls
 j - a scroll of vulnerability {unknown}
 k - a scroll of noise {unknown}
 l - a scroll of identify {unknown}
 n - a scroll of enchant armour {unknown}
 p - a scroll of fog {unknown}
Potions
 d - a potion of might
 g - a potion of heal wounds {unknown}
 i - a potion of resistance {unknown}
 m - a potion of haste {unknown}
 o - a potion of mutation {unknown}
 r - a potion of degeneration {unknown}


   Skills:
 - Level 3.2 Fighting
 * Level 4.0 Maces & Flails
 - Level 3.2 Armour
 + Level 4.2 Shields


You had 3 spell levels left.
You didn't know any spells.
Your spell library was empty.

Dungeon Overview and Level Annotations

Branches:
Dungeon (3/15)

Altars:

Shops:
D:1 (


Innate Abilities, Weirdness & Mutations

You are immune to sickness and miasma.
Your stone body is resilient. (AC +3)
You are immune to poison.
You resist negative energy. (rN+)
You are resistant to electric shocks. (rElec)
You are resistant to unholy torment.
You are immune to petrification.


Message History

You hit something.
You hear some strange, mumbled words.
Something tries to affect you, but you resist.
You miss something. Something hits you.
* * * LOW HITPOINT WARNING * * *
You hear some strange, mumbled words.
A magic dart appears from out of thin air!
The magic dart hits you.
* * * LOW HITPOINT WARNING * * *
You miss something. Something hits you but does no damage.
You closely miss something. Something hits you.
* * * LOW HITPOINT WARNING * * *
You completely miss something. You block something's attack.
Something hits you.
* * * LOW HITPOINT WARNING * * *
You miss something. Something hits you.
* * * LOW HITPOINT WARNING * * *
You miss something. Something hits you but does no damage.
You miss something. You block something's attack.
You closely miss something.
Something hits you but does no damage. x2
You miss something.
You hear some strange, mumbled words.
You are confused.
You completely miss something. Something hits you but does no damage.
You closely miss something. Something hits you but does no damage.
You bump into the rock wall.
Something hits you but does no damage.
You miss something. Something hits you but does no damage. Something hits you.
* * * LOW HITPOINT WARNING * * *
You bump into the rock wall.
Something hits you but does no damage.
You bump into the rock wall.
You hear some strange, mumbled words.
A puff of flame appears from out of thin air!
The puff of flame hits you.
* * * LOW HITPOINT WARNING * * *
You barely miss something.
You feel less confused. Something hits you but does no damage.
You closely miss something. Something hits you but does no damage.
You closely miss something. Something hits you.
You die...

######### #.......# ##
#.#####.#
##.#####.#####.#######
#...{@..............†.
##.#####.#####>######.
#.. #..>....# #. #.#
######### #. #. ###.
#. ##... . #.... o
#.... #..#.


There were no monsters in sight!

Vanquished Creatures
  Robin (D:3)
  An adder (D:2)
  An adder skeleton (D:2)
  2 worms (D:2)
  2 dart slugs
  An orc (D:3)
  4 bats
  4 endoplasms
  12 goblins
  5 hobgoblins
  3 jackals
  2 kobolds (D:1)
  3 quokkas
  A ball python (D:1)
  3 frilled lizards
  9 rats
54 creatures vanquished.

Notes
Turn   | Place    | Note
-------+----------+-------------------------------------------
     0 | D:1      | Strat the Gargoyle Fighter began the quest for the Orb.
     0 | D:1      | Reached XP level 1. HP: 14/14 MP: 1/1
   226 | D:1      | Reached XP level 2. HP: 19/19 MP: 2/2
   229 | D:1      | You fall into a shaft and drop 1 floor!
   474 | D:2      | Reached XP level 3. HP: 14/23 MP: 3/3
  1635 | D:1      | Found Tiko's Weapon Boutique.
  1732 | D:3      | Reached XP level 4. HP: 26/28 MP: 4/4
  1907 | D:3      | Noticed Robin
  1915 | D:3      | Killed Robin
  2408 | D:3      | HP: 1/28 [something/puff of flame (6)]
  2411 | D:3      | Slain by an orc wizard

Illustrated notes

Levels and vault maps discovered:
D:1:      lemuel_arrival_broad_hall, layout_basic, serial_forest,
          infiniplex_forest_clump_small, infiniplex_forest_straight_2,
          infiniplex_forest_corner_1, infiniplex_forest_clump_small,
          infiniplex_forest_lined_room_3, infiniplex_forest_end_2, serial_shops,
          nicolae_lakefront_shop
D:2:      layout_rooms
D:3:      layout_loops_cross, nicolae_overflow_crystal_walls,
          nemelex_diamond_rough_becter, serial_shops, shop, uniq_robin,
          uniq_ijyb, uniq_terence

Skill      XL: |  1  2  3  4 |
---------------+-------------+-----
Maces & Flails | 3 4 |  4.0
Shields        | 4 |  4.2
Fighting       | |  3.2
Armour         | |  3.2

Action                   |  1- 3 |  4- 6 || total
-------------------------+-------+-------++-------
Melee: Flail             |   127 |    74 ||   201
 Fire: Hunting sling     |       |     9 ||     9
Armor: Scale mail        |    74 |    43 ||   117
       Chain mail        |       |    16 ||    16
Dodge: Dodged            |    62 |    21 ||    83
Block: Buckler           |    32 |    11 ||    43

Table legend: (Time is in decaauts)
 A = Elapsed time spent in this place.
 B = Non-inter-level travel time spent in this place.
 C = Inter-level travel time spent in this place.
 D = Time resting spent in this place.
 E = Time spent auto-exploring this place.
 F = Levels seen in this place.
 G = Mean time per level.
                   A        B        C        D        E       F      G
               +--------+--------+--------+--------+--------+-----+--------+
         Total |   2466 |   2354 |    112 |    378 |   1400 |   3 |  822.0 |
       Dungeon |   2466 |   2354 |    112 |    378 |   1400 |   3 |  822.0 |
               +--------+--------+--------+--------+--------+-----+--------+

Top non-repeatable levels by time:
     D:1: 962 daAuts
     D:2: 787 daAuts
     D:3: 715 daAuts
